 Dungeon Crawl Stone Soup version 0.28-a0-1033-g1a2f33fa85 (webtiles) character file.

Game seed: 18011039623259860214

1078 bande the Covered (level 8, 0/69 HPs)
             Began as a Hill Orc Fighter on Dec 7, 2021.
             Was an Initiate of Okawaru.
             Succumbed to a killer bee's poison
             ... on level 7 of the Dungeon.
             The game lasted 00:09:32 (7038 turns).

bande the Covered (Hill Orc Fighter)                Turns: 7038, Time: 00:09:33

Health: 0/69       AC: 11    Str: 25    XL:     8   Next: 29%
Magic:  9/9        EV:  6    Int:  8    God:    Okawaru [......]
Gold:   353        SH: 10    Dex: 12    Spells: 7/7 levels left

rFire   . . .      SeeInvis .   o - +0 hand axe (freeze)
rCold   . . .      Faith    .   l - +1 kite shield
rNeg    . . .      Spirit   .   q - +0 chain mail
rPois   .          Reflect  .   f - +0 helmet
rElec   .          Harm     .   (no cloak)
rCorr   .          Rampage  .   (no gloves)
Will    .....                   (no boots)
Stlth   ..........              (no amulet)
HPRegen 0.21/turn               m - +6 ring of strength
MPRegen 0.11/turn               (no ring)

@: lethally poisoned (0 -> -10)
A: no striking features
a: Renounce Religion


You were on level 7 of the Dungeon.
You worshipped Okawaru.
Okawaru was noncommittal.
You visited 1 branch of the dungeon, and saw 7 of its levels.

You collected 353 gold pieces.

Inventory:

Hand Weapons
 c - a +0 war axe
 o - a +0 hand axe of freezing (weapon)
Armour
 f - a +0 helmet (worn)
 l - a +1 kite shield (worn)
 q - a +0 chain mail (worn)
Jewellery
 m - a +6 ring of strength (left hand)
Wands
 e - a wand of polymorph (16)
 i - a wand of flame (42)
Scrolls
 a - a scroll of identify
Potions
 d - 2 potions of might
 g - a potion of invisibility
 h - a potion of magic
 j - a potion of heal wounds
 k - a potion of ambrosia
 p - a potion of curing


   Skills:
 + Level 5.4 Fighting
 - Level 2.0 Short Blades
 + Level 5.2 Axes
 + Level 6.6 Armour
 + Level 5.5 Shields
 * Level 1.9 Invocations
 * Level 3.1 Evocations


You had 7 spell levels left.
You didn't know any spells.
Your spell library contained the following spells:

 Spells                   Type           Power      Damage    Failure   Level
 Slow                     Hex            0%         N/A       100%        1
 Passwall                 Tmut/Erth      0%         N/A       100%        2
 Confusing Touch          Hex            0%         N/A       100%        3
 Swiftness                Air            0%         N/A       100%        3
 Iskenderun's Battlesphe  Conj           0%         2d6       100%        5
 Yara's Violent Unravell  Hex/Tmut       0%         3d3       100%        5
 Iron Shot                Conj/Erth      0%         9d1       100%        6
 Spellforged Servitor     Conj/Summ      Unusable   N/A       N/A         7

Dungeon Overview and Level Annotations

Branches:
Dungeon (7/15)             Temple (0/1) D:6

Altars:
Elyvilon
Nemelex Xobeh
Okawaru
Xom

Shops:
D:1 ?

Annotations:
D:7 1 runed translucent door, Pooter's ghost, novice MiHu


Message History

You miss the killer bee.
The killer bee is severely wounded.
Your shield prevents you from hitting the killer bee.
* * * LOW HITPOINT WARNING * * *
You feel very sick. The killer bee barely misses you.
The killer bee stings you but does no damage.
You block the killer bee's attack. The killer bee stings you.
* * * LOW HITPOINT WARNING * * *
You feel much better.
You feel very sick. The killer bee stings you.
You are more poisoned.
The killer bee poisons you! The killer bee stings you.
* * * LOW HITPOINT WARNING * * *
You block the killer bee's attack.
The killer bee stings you but does no damage.
You barely miss the killer bee.
The killer bee is severely wounded.
You closely miss the killer bee.
* * * LOW HITPOINT WARNING * * *
You feel very sick. The killer bee stings you.
* * * LOW HITPOINT WARNING * * *
The killer bee stings you but does no damage. x3
You block the killer bee's attack. x2
You hit the killer bee. You freeze the killer bee.
You kill the killer bee!
Okawaru accepts your kill.
You miss the killer bee.
* * * LOW HITPOINT WARNING * * *
You feel very sick. You block the killer bee's attack.
The killer bee stings you but does no damage.
The killer bee stings you.
* * * LOW HITPOINT WARNING * * *
You hit the killer bee. You freeze the killer bee.
The killer bee is lightly wounded.
You barely miss the killer bee.
You die...

*,.........# ****
*,.........#### *,,*
*,...?........# *,,**
**.........##.# **,,*
*.........##.# *,,*
*.!.......##.# **,**
*....../..##.# *,,*
*###########y######.**
#@yy.....,****
#######..>,,,*
*,,,*,**,*
*,***,**,***
*,,,,,,,,,,*
*,,*****,*,*
*,,,,,,,,,,*
**,*******,*
*,*******,*


You could see 3 killer bees.

Vanquished Creatures
  A black bear (D:5)
  A centaur (D:6)
  Blork the orc (D:4)
  2 scorpions
  2 killer bees (D:7)
  A howler monkey (D:5)
  2 jellies
  A hound (D:6)
  2 bullfrog zombies (D:6)
  2 bullfrog skeletons
  A centaur skeleton (D:5)
  2 iguanas (D:6)
  A scorpion zombie (D:5)
  2 orc wizards (D:6)
  A hound zombie (D:5)
  Robin (D:2)
  8 adders
  2 shadow imps
  A white imp (D:5)
  3 worms (D:2)
  A dart slug (D:2)
  11 orcs
  5 endoplasms
  3 giant cockroaches
  11 goblins
  8 hobgoblins
  2 quokkas
  8 ball pythons
  16 bats
  3 frilled lizards
  10 kobolds
  2 rats (D:2)
117 creatures vanquished.

Vanquished Creatures (others)
  2 fungi (D:2)
  6 plants (D:2)
8 creatures vanquished.

Grand Total: 125 creatures vanquished

Notes
Turn   | Place    | Note
-------+----------+-------------------------------------------
     0 | D:1      | bande the Hill Orc Fighter began the quest for the Orb.
     0 | D:1      | Reached XP level 1. HP: 19/19 MP: 1/1
   102 | D:1      | Reached XP level 2. HP: 27/27 MP: 2/2
   344 | D:1      | Found Coidijunt's Magic Scroll Boutique.
   393 | D:1      | Reached XP level 3. HP: 32/33 MP: 3/3
   625 | D:2      | Reached skill level 4 in Armour
   657 | D:2      | Noticed Robin
   670 | D:2      | Killed Robin
   783 | D:2      | Reached XP level 4. HP: 41/41 MP: 4/4
  2037 | D:2      | Found a faded altar of an unknown god.
  2317 | D:3      | Reached XP level 5. HP: 43/47 MP: 5/5
  2486 | D:3      | Found a shimmering altar of Xom.
  2972 | D:4      | Noticed Blork the orc
  2982 | D:4      | Killed Blork the orc
  2983 | D:4      | Reached skill level 5 in Armour
  3462 | D:4      | Reached skill level 1 in Evocations
  3634 | D:4      | Found a white marble altar of Elyvilon.
  4060 | D:5      | Entered Level 5 of the Dungeon
  4498 | D:5      | Reached skill level 5 in Fighting
  4498 | D:5      | Reached XP level 6. HP: 54/56 MP: 6/6
  4504 | D:5      | Reached skill level 1 in Axes
  4879 | D:5      | Reached XP level 7. HP: 61/61 MP: 7/7
  5065 | D:5      | Reached skill level 6 in Armour
  5172 | D:5      | Found a sparkling altar of Nemelex Xobeh.
  5482 | D:6      | Reached skill level 5 in Shields
  5743 | D:6      | Found an iron altar of Okawaru.
  5842 | D:6      | Became a worshipper of Warmaster Okawaru
  6192 | D:6      | Reached skill level 1 in Invocations
  6192 | D:6      | Reached XP level 8. HP: 66/68 MP: 8/8
  6785 | D:6      | Reached skill level 5 in Axes
  6805 | D:6      | Found a staircase to the Ecumenical Temple.
  6949 | D:7      | Found a runed translucent door.
  6950 | D:7      | Found a shimmering altar of Xom.
  6950 | D:7      | Noticed Pooter's ghost (novice MiHu)
  6950 | D:7      | Noticed a +2 war axe of chaos
  7037 | D:7      | HP: 3/69 [killer bee (4)]
  7038 | D:7      | Succumbed to a killer bee's poison

Illustrated notes

Levels and vault maps discovered:
D:1:      ebering_trefoil_3fold, layout_rooms, serial_shops, shop_coins,
          st_stairs_14
D:2:      layout_loops_ring, serial_bayou, serial_bayou_shore_a,
          serial_bayou_lake_a, serial_bayou_pond_e, serial_bayou_shore_b,
          shapermc_ecumenical_altar_hornbeckon, uniq_robin
D:3:      layout_rooms, xom_butterflies
D:4:      layout_basic, elyvilon_altar_1, uniq_blork_the_orc
D:5:      layout_loops_cross, lemuel_round_altar, roderic_batcave
D:6:      layout_basic, mainiacjoe_overflow_six_doors_small,
          minmay_temple_entry_enclosed_plants
D:7:      layout_basic, mainiacjoe_overflow_catwalk, ebering_ghost_xom,
          enter_ossuary_5, eino_curves_03

Skill      XL: |  1  2  3  4  5  6  7  8 |
---------------+-------------------------+-----
Fighting       | 4 5 |  5.4
Armour         | 4 5 6 |  6.6
Shields        | 4 5 |  5.5
Evocations     | 1 2 3 |  3.1
Axes           | 2 4 5 |  5.2
Invocations    | 1 |  1.9
Short Blades   | |  2.0

Action                   |  1- 3 |  4- 6 |  7- 9 || total
-------------------------+-------+-------+-------++-------
Melee: Rapier            |   102 |   122 |       ||   224
       Hand axe          |       |    77 |   191 ||   268
  Use: Scroll            |       |    10 |     5 ||    15
       Potion            |       |       |     1 ||     1
Armor: Scale mail        |    69 |    80 |    74 ||   223
       Chain mail        |       |       |    48 ||    48
Dodge: Dodged            |    47 |    77 |    67 ||   191
Block: Buckler           |    21 |    20 |       ||    41
       Kite shield       |       |    44 |   136 ||   180

Table legend: (Time is in decaauts)
 A = Elapsed time spent in this place.
 B = Non-inter-level travel time spent in this place.
 C = Inter-level travel time spent in this place.
 D = Time resting spent in this place.
 E = Time spent auto-exploring this place.
 F = Levels seen in this place.
 G = Mean time per level.
                   A        B        C        D        E       F      G
               +--------+--------+--------+--------+--------+-----+--------+
         Total |   7205 |   7124 |     81 |   1297 |   4481 |   7 | 1029.3 |
       Dungeon |   7205 |   7124 |     81 |   1297 |   4481 |   7 | 1029.3 |
               +--------+--------+--------+--------+--------+-----+--------+

Top non-repeatable levels by time:
     D:4: 1879 daAuts
     D:2: 1585 daAuts
     D:6: 1505 daAuts
     D:5: 1025 daAuts
     D:1: 597 daAuts
     D:3: 453 daAuts
     D:7: 158 daAuts
